 Dungeon Crawl Stone Soup version 0.28.0-1-gb440e238dd (webtiles) character file.

Game seed: 6075282098576924677

74 rel the Skirmisher (level 4, -6/55 HPs)
             Began as a Human Berserker on Feb 25, 2022.
             Was a Believer of Trog.
             Mangled by an iguana (11 damage)
             ... on level 4 of the Dungeon.
             The game lasted 00:04:44 (1655 turns).

rel the Skirmisher (Human Berserker)                Turns: 1655, Time: 00:04:45

Health: -6/55      AC:  8    Str: 18    XL:     4   Next: 52%
Magic:  4/4        EV:  7    Int: 13    God:    Trog [**....]
Gold:   8          SH:  0    Dex: 14    Spells: 3/3 levels left

rFire   . . .      SeeInvis .   a - +0 hand axe
rCold   . . .      Faith    .   (no shield)
rNeg    . . .      Spirit   .   d - +0 chain mail
rPois   .          Reflect  .   (no helmet)
rElec   .          Harm     .   (no cloak)
rCorr   .          Rampage  .   (no gloves)
Will    .....                   (no boots)
Stlth   ..........              (no amulet)
HPRegen 0.18/turn               c - +6 ring of intelligence
MPRegen 0.09/turn               (no ring)

@: berserking, very quick
A: no striking features
a: Renounce Religion, Berserk, Trog's Hand


You were on level 4 of the Dungeon.
You worshipped Trog.
Trog was pleased with you.
You visited 1 branch of the dungeon, and saw 3 of its levels.

You collected 8 gold pieces.

Inventory:

Hand Weapons
 a - a +0 hand axe (weapon)
Armour
 d - a +0 chain mail (worn)
Jewellery
 c - a +6 ring of intelligence (left hand)
 i - an amulet of magic regeneration
Scrolls
 e - a scroll of identify {unknown}
 f - a scroll of fog {unknown}
 h - a scroll of enchant armour {unknown}
Potions
 b - a potion of curing {unknown}
 g - a potion of haste {unknown}


   Skills:
 * Level 3.9 Fighting
 + Level 3.9 Axes
 + Level 2.4 Armour
 + Level 2.1 Dodging


You had 3 spell levels left.
You didn't know any spells.
Your spell library was empty.

Dungeon Overview and Level Annotations

Branches:
Dungeon (2/15)

Altars:

Shops:
D:1 ?


Message History

You hit the iguana but do no damage. The iguana bites you!
You closely miss the iguana.
The iguana bites you but does no damage.
You hit the iguana.
The iguana is moderately wounded.
The iguana bites you but does no damage.
You hit the iguana.
The iguana is heavily wounded.
The iguana bites you!
You hit the iguana.
The iguana is severely wounded.
The iguana bites you but does no damage.
You closely miss the iguana.
The iguana is severely wounded.
The iguana barely misses you.
You barely miss the iguana.
The iguana is severely wounded.
The iguana bites you. x2
You closely miss the iguana.
The iguana is severely wounded.
The iguana bites you!
* * * LOW HITPOINT WARNING * * *
You closely miss the iguana.
The iguana is severely wounded.
The iguana bites you but does no damage.
You hit the iguana.
The iguana is almost dead.
The iguana bites you.
* * * LOW HITPOINT WARNING * * *
You completely miss the iguana.
The iguana is almost dead.
The iguana bites you.
* * * LOW HITPOINT WARNING * * *
A red film seems to cover your vision as you go berserk!
You feel yourself moving faster!
You feel mighty! The iguana bites you.
* * * LOW HITPOINT WARNING * * *
You barely miss the iguana.
The iguana is almost dead.
The iguana bites you!
You die...

##............##
#............#
#............# #
##.........###
.## #........##
#.# ##.......#
#.###..........
#l#..#...##.....
#@..##########..
#!### #.# #.# ##
###


You could see an iguana.

Vanquished Creatures
  4 gnolls (D:4)
  5 endoplasms (D:1)
  2 giant cockroaches
  3 goblins (D:1)
  4 jackals (D:1)
  2 quokkas (D:1)
  2 ball pythons
  4 bats
  3 frilled lizards (D:1)
  3 kobolds
  3 rats (D:1)
35 creatures vanquished.

Vanquished Creatures (others)
  A plant (D:4)
1 creature vanquished.

Grand Total: 36 creatures vanquished

Notes
Turn   | Place    | Note
-------+----------+-------------------------------------------
     0 | D:1      | rel the Human Berserker began the quest for the Orb.
     0 | D:1      | Reached XP level 1. HP: 18/18 MP: 1/1
   343 | D:1      | Reached XP level 2. HP: 20/24 MP: 2/2
   755 | D:1      | Reached XP level 3. HP: 29/29 MP: 3/3
   955 | D:1      | Reached ** piety under Trog
  1016 | D:1      | Found Fuhuepomp's Magic Scroll Boutique.
  1448 | D:2      | You fall into a shaft and drop 2 floors!
  1475 | D:4      | Reached XP level 4. HP: 37/37 MP: 4/4
  1655 | D:4      | Mangled by an iguana

Illustrated notes

Levels and vault maps discovered:
D:1:      dpeg_arrival_renting, layout_loops_corners, serial_shops,
          nicolae_shop_crystal, minmay_domino_2
D:2:      layout_loops_corners, shapermc_ecumenical_altar_mp_vishouse,
          minmay_quantized, uniq_terence
D:4:      layout_cave_pods, minmay_temple_entry_poolview, serial_forest,
          infiniplex_forest_clump_diagonal, infiniplex_forest_clump_medium,
          infiniplex_forest_lined_corner, infiniplex_forest_lined_1,
          nicolae_shop_firing_range

Action                   |  1- 3 |  4- 6 || total
-------------------------+-------+-------++-------
Melee: Hand axe          |    83 |    29 ||   112
       Punch             |     1 |     1 ||     2
Invok: Berserk           |     1 |     1 ||     2
Armor: Chain mail        |    64 |    13 ||    77
Dodge: Dodged            |    38 |     6 ||    44
